Map: Tokamak LE

Players

KimChiLoVer - Winner!

  • Race: Terran Terran
  • League: Diamond
  • Spawn Location: 7:00

A.I. 1 (Elite)

  • Race: Zerg Zerg
  • Spawn Location: 1:00

VOD

Have the link to the VOD?

Description

Time

  • Played on: Oct. 27, 2025, 7:09 p.m.
  • Length: 9:38
Show
View Real Time Build Order
Export as new Build Order

KimChiLoVer Terran - Winner!

Build Orders: Reaper Expand, Hellion Banshee 

Get SALT Encoding   

  12  0:00  SCV  
  13  0:12  SCV  
  14  0:17  Supply Depot  
  14  0:25  SCV  
  15  0:39  SCV  
  15  0:40  Barracks  
  16  0:44  Refinery  
  16  0:51  SCV  
  17  1:03  SCV  
  18  1:15  SCV  
  19  1:27  Reaper  
  19  1:28  Orbital Command  
  20  1:39  Command Center  
  20  1:50  Supply Depot  
  20  1:54  SCV  
  20  1:59  Marine  
  22  2:12  SCV  
  23  2:18  Factory  
  23  2:22  Refinery  
  23  2:24  SCV  
  24  2:31  Barracks Reactor  
  24  2:36  SCV  
  25  2:48  SCV  
  26  2:54  Orbital Command  
  26  2:58  Supply Depot  
  26  3:00  SCV  
  26  3:01  Starport  
  27  3:12  SCV  
  28  3:15  Hellion  
  28  3:16  Barracks Tech Lab, Hellion  
  32  3:22  SCV  
  32  3:24  SCV  
  34  3:27  Supply Depot  
  34  3:36  SCV  
  34  3:37  SCV, Hellion x2  
  40  3:45  Banshee  
  40  3:46  Cloaking Field  
  40  3:48  Marine  
  44  3:52  Supply Depot  
  44  3:53  SCV  
  44  3:54  SCV  
  46  4:01  Hellion  
  50  4:02  Hellion  
  50  4:05  SCV  
  50  4:06  SCV  
  50  4:09  Barracks Tech Lab  
  52  4:24  Command Center  
  52  4:28  Banshee  
  55  4:35  Factory Reactor  
  55  4:37  Barracks  
  55  4:38  Stimpack, Barracks  
  55  4:39  Marine  
  55  4:43  SCV  
  57  4:46  Engineering Bay  
  57  4:49  SCV  
  58  4:53  Engineering Bay  
  58  4:57  Marine  
  59  5:01  SCV  
  59  5:02  SCV  
  61  5:14  SCV  
  62  5:15  Marine  
  63  5:24  Starport Reactor, Marine  
  63  5:25  Marine  
  63  5:28  Barracks  
  65  5:30  SCV  
  65  5:31  Barracks  
  65  5:33  Refinery, Terran Infantry Armor Level 1, Marine, Terran Infantry Weapons Level 1  
  65  5:35  Refinery, SCV  
  68  5:38  Supply Depot  
  68  5:41  Marine x2  
  68  5:42  SCV, Marine  
  71  5:44  Orbital Command  
  71  5:47  SCV  
  71  5:49  Siege Tank  
  76  5:54  SCV  
  77  6:01  Marine x2  
  77  6:02  Marine x3  
  77  6:03  Medivac  
  84  6:05  Medivac  
  84  6:06  SCV  
  84  6:09  SCV  
  88  6:18  SCV, Armory  
  89  6:25  Marine x2  
  89  6:26  Marine x2  
  89  6:27  Barracks Reactor x2  
  93  6:47  Supply Depot  
  93  6:51  Supply Depot  
  93  6:52  Supply Depot  
  93  6:54  Combat Shield  
  93  6:55  Orbital Command  
  93  7:09  SCV x2, Medivac, Marine x4  
  93  7:13  Siege Tank, Marine x5  
  93  7:15  Medivac  
  111  7:18  Supply Depot  
  111  7:20  Supply Depot x2  
  111  7:21  SCV  
  111  7:22  Supply Depot  
  112  7:27  SCV, Marine x4  
  117  7:37  Supply Depot  
  117  7:39  Supply Depot, Marine x4  
  117  7:40  SCV x3  
  117  7:41  Medivac  
  126  7:45  Siege Tank  
  126  7:49  Refinery  
  126  7:51  Refinery  
  129  7:52  SCV, Marine x5  
  129  7:55  Medivac  
  129  7:57  Marine x2  
  123  8:27  Marine x3  
  123  8:28  Marine x6  
  132  8:38  Siege Tank  
  134  8:45  Marine x9  
  143  9:03  Marine x9  
  161  9:36  Supply Depot x2  
Show
View Real Time Build Order
Export as new Build Order

A.I. 1 (Elite) Zerg 

Build Orders: Hatch First 

Get SALT Encoding   

  12  0:00  Drone  
  13  0:13  Overlord  
  13  0:16  Drone  
  14  0:31  Drone x2  
  14  0:34  Drone  
  17  0:54  Hatchery, Drone  
  17  1:10  Spawning Pool  
  16  1:12  Extractor  
  16  1:13  Drone  
  16  1:18  Drone  
  17  1:22  Drone  
  18  1:28  Drone  
  19  1:38  Overlord  
  19  1:49  Drone  
  20  2:00  Queen, Zergling x2  
  23  2:05  Drone  
  24  2:17  Queen  
  24  2:22  Drone  
  27  2:28  Drone  
  27  2:29  Extractor  
  27  2:30  Drone  
  27  2:32  Drone  
  29  2:43  Roach Warren  
  28  2:47  Drone  
  28  2:50  Drone  
  30  2:52  Zergling x2  
  30  2:56  Zergling x2  
  32  3:02  Overlord  
  32  3:06  Drone  
  32  3:09  Drone  
  34  3:23  Roach  
  34  3:24  Roach x2  
  34  3:25  Roach  
  42  3:33  Lair  
  42  3:37  Overlord  
  42  3:42  Overlord  
  42  3:46  Zergling x2  
  43  3:49  Zergling x2  
  43  3:55  Zergling x2, Drone  
  46  3:56  Drone  
  46  3:59  Drone  
  46  4:01  Drone  
  49  4:04  Drone  
  49  4:07  Roach  
  52  4:11  Roach  
  52  4:16  Overlord  
  55  4:24  Drone  
  55  4:25  Drone  
  55  4:28  Drone  
  55  4:30  Drone  
  58  4:32  Infestation Pit, Drone  
  58  4:36  Overlord  
  58  4:40  Overlord  
  58  4:43  Roach  
  60  4:46  Roach  
  62  5:02  Drone  
  62  5:04  Drone  
  62  5:06  Drone  
  65  5:08  Infestor, Hydralisk Den  
  65  5:11  Infestor, Drone  
  65  5:13  Drone  
  70  5:14  Drone  
  70  5:17  Infestor  
  70  5:18  Overlord  
  70  5:20  Extractor, Drone  
  73  5:23  Drone  
  73  5:24  Drone  
  73  5:26  Drone  
  73  5:28  Drone  
  77  5:31  Drone x2  
  77  5:33  Drone  
  80  5:36  Roach  
  80  5:38  Overlord  
  82  5:45  Extractor, Roach, Drone  
  82  5:46  Drone  
  82  5:49  Drone  
  86  5:52  Metabolic Boost  
  86  5:56  Hydralisk  
  88  5:59  Hydralisk  
  88  6:02  Overlord  
  90  6:07  Drone  
  90  6:08  Drone  
  90  6:10  Drone, Evolution Chamber  
  92  6:14  Hatchery  
  92  6:15  Drone  
  87  6:28  Overseer  
  87  6:29  Evolution Chamber  
  84  6:37  Infestor  
  84  6:38  Zerg Melee Weapons Level 1  
  84  6:51  Infestor  
  86  6:54  Zerg Missile Weapons Level 1  
  86  6:59  Spine Crawler, Drone  
  86  7:04  Spine Crawler, Drone  
  86  7:12  Ravager  
  86  7:15  Roach  
  89  7:22  Ravager  
  90  7:24  Roach  
  90  7:25  Queen, Drone  
  90  7:26  Drone x4  
  90  7:27  Overlord, Drone x4  
  90  7:28  Drone x2  
  90  7:29  Drone x2  
  107  7:32  Extractor  
  107  7:36  Extractor, Drone  
  106  7:38  Hydralisk, Drone x2  
  106  7:40  Drone x2  
  106  7:41  Baneling Nest  
  110  7:46  Overlord  
  110  7:50  Drone  
  111  7:52  Hydralisk, Drone  
  111  7:53  Zergling x2, Drone  
  111  7:57  Drone  
  117  8:02  Spore Crawler, Drone x2  
  117  8:04  Glial Reconstitution  
  118  8:08  Overlord  
  118  8:09  Zergling x2  
  118  8:10  Roach, Zergling x2  
  106  8:13  Roach x2  
  106  8:18  Ravager  
  106  8:19  Roach  
  99  8:23  Infestor, Drone  
  99  8:24  Roach, Zergling x2  
  99  8:25  Zergling x2  
  96  8:29  Baneling  
  96  8:30  Overseer  
  98  8:34  Hydralisk  
  98  8:35  Overlord  
  94  8:41  Infestor  
  94  8:42  Zergling x2, Drone  
  94  8:46  Drone x2  
  65  8:56  Zergling x4, Drone  
  65  8:57  Zergling x2, Hydralisk  
  65  9:00  Baneling, Overseer  
  65  9:08  Drone  
  59  9:14  Roach x2, Zergling x2  
  49  9:23  Overseer  
Tags
 
Add a new tag
Caveats
  • Supply blocks, unpowered buildings, or Contaminate may cause inaccurate times.
  • Supply counts are checked every 10 seconds.